 Dungeon Crawl Stone Soup version 0.16-a0-3946-g4f19e5c (console) character file.

107 MarvinPA the Grave Robber (level 4, -2/30 HPs)
             Began as a Mummy Necromancer on Feb 9, 2015.
             Slain by a gnoll
             ... wielding a +4 spear of piercing
              (8 damage)
             ... on level 3 of the Dungeon.
             The game lasted 00:03:51 (2345 turns).

MarvinPA the Grave Robber (Mummy Necromancer)       Turns: 2345, Time: 00:03:51

Health: -2/30      AC:  3    Str: 11    XL:     4   Next: 56%
Magic:  0/9        EV: 12    Int: 15    God:
Gold:   85         SH:  0    Dex: 12    Spells: 3 memorised, 4 levels left

rFire  x . .     SeeInvis .     a - +0 whip
rCold  + . .     Clarity  .     d - +0 robe
rNeg   + + +     SustAb   .     (no shield)
rPois  ∞         Gourm    .     (no helmet)
rElec  .         Spirit   .     h - +0 cloak
rCorr  .         Warding  .     (no gloves)
rMut   .         Stasis   .     (no boots)
MR     .....                    f - amulet of faith {!P}
Stlth  ++........               (no ring)
                                (no ring)

@: very slightly contaminated, not resistant to hostile enchantments, unstealthy
A: no food or potions, fire vulnerability, restore body, cold resistance 1,
negative energy resistance 3, poison resistance, torment resistance, unbreathing
a: no special abilities


You were on level 3 of the Dungeon.
You were not hungry.

You visited 1 branch of the dungeon, and saw 3 of its levels.

You collected 85 gold pieces.


Innate Abilities, Weirdness & Mutations

You do not eat or drink.
Your flesh is vulnerable to fire.
Your flesh is cold resistant.
You are immune to negative energy.
Your system is resistant to poisons.
You are immune to unholy pain and torment.
You can survive without breathing.


   Skills:
 - Level 1.5 Dodging
 - Level 1.5 Stealth
 + Level 3.3 Spellcasting
 + Level 5.2 Necromancy


You had 4 spell levels left.
You knew the following spells:

 Your Spells              Type           Power        Failure   Level  Hunger
x - Vampiric Draining     Necr           ###.......   10%         3    N/A
z - Pain                  Necr           ###.         1%          1    N/A
Z - Animate Skeleton      Necr           N/A          1%          1    N/A

Inventory:

Hand weapons
 a - a +0 whip (weapon)
Armour
 d - a +0 robe (worn)
 h - a +0 cloak (worn)
Jewellery
 f - an amulet of faith (around neck) {!P}
Scrolls
 c - a scroll of teleportation {unknown}
 e - 2 scrolls of identify {unknown}
 g - a scroll of recharging {unknown}
 i - 4 scrolls of remove curse {unknown}
Books
 b - a book of Necromancy

Dungeon Overview and Level Annotations

Branches:
Dungeon (3/15)

Altars:
Elyvilon
Makhleb

#.#.# ###### #.. ... #.#.#
#.... ..# #.# #.#<# #.#.#
#.# ##.##
#.#.####.#.#####.####...##
#................##......#
###...........##.##g#....#
######..###.##.##.#..#g#
#..# #.##.##g#†##)# #..#
#.##M#....##.# #..#
#.#..g.....#g#
#..###.#..#.....#.#
#....%....##>#..#.#
##.###.......#..#.# #.#
###.##.....#.#
#.#####..#...%.#.#.##.#
#..........%......)....
...........<..........#


You could see a gnoll.


Message History

Aiming: Pain
Aim: a gnoll, wielding a spear of piercing (severely wounded, chance 84%)
The gnoll barely resists.
The gnoll closely misses you.
Unknown command.
You start resting.
Aiming: Pain
Aim: a gnoll, wielding a spear of piercing (severely wounded, chance 84%)
The gnoll convulses in agony!
The gnoll hits you with a spear of piercing!
* * * LOW HITPOINT WARNING * * *
x2 Unknown command.
Aiming: Vampiric Draining
Aim: a gnoll, wielding a spear of piercing (almost dead)
Okay, then. (m)acro, (M)acro raw, keymap [(k) default, (x) level-map, (t)argeting, (c)onfirm, m(e)nu], (s)ave?
Input macro trigger key: 2 Current Action: zx Do you wish to (r)edefine, (c)lear, or (a)bort?
Input macro action: zxf\{27} Created macro '2' => 'zxf\{27}'. (m)acro, (M)acro raw, keymap [(k) default, (x) level-map, (t)argeting, (c)onfirm, m(e)nu], (s)ave?
Saving macros.
Unknown command.
Aiming: Vampiric Draining
Aim: a gnoll, wielding a spear of piercing (almost dead)
You miscast Vampiric Draining.
You are very lightly contaminated with residual magic.
You feel very uncomfortable.
The gnoll hits you with a spear of piercing!
You die...

Action                   |  1- 3 |  4- 6 || total
-------------------------+-------+-------++-------
Melee: Unarmed           |     2 |       ||     2
       Whip              |    10 |     3 ||    13
 Cast: Pain              |    50 |    37 ||    87
       Animate Skeleton  |       |     5 ||     5

Vault maps used:
D:1:      lightli_arrival_maybe_door_vault
D:2:      overflow_temple_1_default, makhleb_heckhound_becter
D:3:      first_bread

Notes
Turn   | Place    | Note
--------------------------------------------------------------
     0 | D:1      | MarvinPA, the Mummy Necromancer, began the quest for the Orb.
     0 | D:1      | Reached XP level 1. HP: 13/13 MP: 3/3
   219 | D:1      | Reached XP level 2. HP: 19/19 MP: 1/5
   593 | D:1      | Learned a level 1 spell: Animate Skeleton
  1204 | D:2      | Reached XP level 3. HP: 24/24 MP: 4/6
  1311 | D:2      | Learned a level 3 spell: Vampiric Draining
  1358 | D:2      | Found a burning altar of Makhleb.
  1374 | D:2      | Reached skill level 3 in Spellcasting
  1374 | D:2      | Reached skill level 5 in Necromancy
  1374 | D:2      | Reached XP level 4. HP: 11/30 MP: 0/9
  1675 | D:2      | Found a white marble altar of Elyvilon.
  2326 | D:3      | ouch
  2345 | D:3      | Slain by a gnoll

Vanquished Creatures
  A hound (D:2)
  A gnoll (D:3)
  2 adders
  9 hobgoblins
  4 jackals (D:2)
  8 kobolds
  4 bats
  3 giant geckos (D:1)
  3 giant newts
  3 goblins
  6 rats
44 creatures vanquished.

Vanquished Creatures (others)
  A gnoll skeleton (D:3)
  A kobold skeleton (D:3)
2 creatures vanquished.

Grand Total: 46 creatures vanquished
